AoeStats
← Patoown

Arena

510469751Analyzed
1v1 RM · 4h ago on Oct 1, 2026· 37m 12s· 2 players
Game mode
Random Map
Map size
Tiny (2 player)
Population
200
Speed
Normal
Resources
Standard
Victory
Conquest
Starting age
Dark Age
Ending age
Imperial Age
RankedLock teamsTeams togetherTeam positionsShared explorationLock speedFull tech treeHidden civsTurbo modeCheats
Victory
Defeat
🇨🇱 Turks · Chile
767
+15
🇭🇰 Danes · Hong Kong SAR China
747
-15
乏力的马卡
10:47 Feudal Age
9:33 Loom
11:41 Loom
15:07 Castle Age
13:00 Double-Bit Axe
12:56 Horse Collar
19:55 Wheelbarrow
19:12 Town Watch
20:11 Gold Mining
23:45 Squires
23:31 Arson
24:34 Heavy Plow
24:54 Bow Saw
26:18 Hand Cart
30:20 Imperial Age
28:10 Hand Cart
27:49 Arson
27:52 Gambesons
28:12 Stone Mining
28:48 Ballistics
29:10 Town Patrol
30:49 Forging
30:40 Scale Mail Armor
30:32 Fletching
32:44 Conscription
31:47 Hamask
33:03 Elite Varangian Guard
33:52 Siege Engineers
34:43 Northmen's Fury
36:54 Chain Mail Armor
37:16 Iron Casting
36:42 Padded Archer Armor
37:44 Chemistry
36:40 Murder Holes
36:57 Masonry
38:17 Hoardings
Patoown
5:48 Loom
9:42 Feudal Age
11:41 Double-Bit Axe
17:08 Castle Age
15:32 Stone Mining
15:31 Horse Collar
17:38 Wheelbarrow
18:40 Bow Saw
20:07 Wheelbarrow
19:27 Town Watch
20:29 Town Patrol
21:34 Hand Cart
25:28 Fletching
27:40 Bodkin Arrow
27:46 Padded Archer Armor
30:12 Leather Archer Armor
32:36 Imperial Age
32:23 Gold Mining
Connection lost

Rejoining the realm…

Still unreachable

The connection could not be restored.

Session expired

The server has moved on; the page needs a fresh start.